 Dungeon Crawl Stone Soup version 0.22.1-1-ga44c0e5 (webtiles) character file.

1230 Lauz the Cleaver (level 8, -4/70 HPs)
             Began as a Minotaur Berserker on Nov 5, 2018.
             Was an Elder of Trog.
             Slain by Jaiteiro's ghost (5 damage)
             ... on level 4 of the Dungeon.
             The game lasted 00:08:57 (4168 turns).

Lauz the Cleaver (Minotaur Berserker)               Turns: 4168, Time: 00:08:57

Health: -4/70      AC:  3    Str: 24    XL:     8   Next: 24%
Magic:  7/7        EV: 12    Int:  6    God:    Trog [****..]
Gold:   214        SH:  0    Dex: 10    Spells: 7/7 levels left

rFire    . . .     SeeInvis .   a - +0 hand axe
rCold    . . .     Gourm    +   (no shield)
rNeg     . . .     Faith    .   t - +0 leather armour
rPois    .         Spirit   .   (helmet unavailable)
rElec    .         Reflect  .   (no cloak)
rCorr    .         Harm     .   (no gloves)
MR       .....                  (no boots)
Stlth    ++........             m - amulet of the gourmand
HPRegen  0.21/turn              (no ring)
MPRegen  0.10/turn              (no ring)

@: lethally poisoned (-4 -> -5), berserk cooldown, very slightly contaminated,
invisible
A: retaliatory headbutt, horns 3, clever 1, screaming 1, MP-powered wands
a: Berserk, Trog's Hand, Brothers in Arms, Renounce Religion


You were on level 4 of the Dungeon.
You worshipped Trog.
Trog was greatly pleased with you.
You were not hungry.

You visited 1 branch of the dungeon, and saw 4 of its levels.
You visited the Abyss 1 time.

You collected 214 gold pieces.

Inventory:

Hand Weapons
 a - a +0 hand axe (weapon)
Missiles
 u - 5 poisoned tomahawks (quivered)
Armour
 b - a +0 animal skin
 t - a +0 leather armour (worn)
Jewellery
 m - an amulet of the gourmand (around neck)
 p - a cursed amulet of inaccuracy {unknown}
Scrolls
 d - a scroll of noise {unknown}
 e - 2 scrolls of identify {unknown}
 f - 4 scrolls of teleportation {unknown}
 i - 3 scrolls of remove curse {unknown}
 j - a scroll of amnesia {unknown}
 o - a scroll of enchant weapon {unknown}
 q - a scroll of immolation {unknown}
 s - a scroll of fog {unknown}
Potions
 h - 3 potions of mutation
 k - 2 potions of brilliance
 n - a potion of might {unknown}
 r - a potion of berserk rage {unknown}
 v - a potion of lignification {unknown}
Comestibles
 c - 7 rations


   Skills:
 + Level 6.3 Fighting
 * Level 10.7 Axes
 - Level 2.4 Armour
 - Level 2.1 Dodging
 + Level 2.0 Stealth


You had 7 spell levels left.
You didn't know any spells.
Your spell library was empty.

Dungeon Overview and Level Annotations

Branches:
Dungeon (4/15)
 Temple: D:4-7

Altars:

Annotations:
D:4 Jaiteiro's ghost, amateur CeWr


Innate Abilities, Weirdness & Mutations

You reflexively headbutt those who attack you in melee.
You have a pair of large horns on your head.
Your mind is acute. (Int +2)
You occasionally shout uncontrollably at your foes.
You expend magic power (3 MP) to strengthen your wands.


Message History

Jaiteiro's ghost screams, "You will join me soon!"
It was a potion of invisibility.
You fade into invisibility!
Jaiteiro's ghost closely misses you. You furiously retaliate!
You headbutt Jaiteiro's ghost. The big kobold barely misses you.
You are very lightly contaminated with residual magic.
* * * LOW HITPOINT WARNING * * *
You feel sick.
The big kobold unwields an uncursed dagger.
The big kobold wields an uncursed blowgun.
The big kobold shoots a curare-tipped needle.
The curare-tipped needle hits Jaiteiro's ghost.
The big kobold shoots a curare-tipped needle.
The curare-tipped needle barely misses you.
The big kobold shoots a curare-tipped needle.
The curare-tipped needle hits Jaiteiro's ghost.
* * * LOW HITPOINT WARNING * * *
You feel sick. Jaiteiro's ghost hits you.
You die...

######## ##..(...## ##........##
#..........# #.... ###.....W@...#
#.... ##.!$##.(.......# #....
##.. ..##.K......# #....
#P.#.#.P#.)......# #.... .
#8.#.#.8#))......# #.... ..
#P.#.#.P#.......####### #....
...##.....##.............####....
$...##''W##................##....
#......(..........##.###.#..###


You could see a big kobold and Jaiteiro's ghost.

Vanquished Creatures
  An orange demon (Abyss:1)
  An ogre (D:4)
  3 phantoms (D:4)
  4 killer bees (D:3)
  A crimson imp (D:3)
  An orc priest (D:3)
  2 hounds (D:4)
  3 orc wizards
  An iguana (D:2)
  2 worker ants (D:4)
  5 adders
  3 oozes
  3 worms (D:2)
  3 dart slugs (D:1)
  2 leopard geckos
  8 orcs
  5 giant cockroaches
  7 goblins
  6 hobgoblins
  4 jackals
  A quokka (D:3)
  A ball python (D:4)
  9 bats
  A frilled lizard (D:1)
  12 kobolds
  6 rats
95 creatures vanquished.

Notes
Turn   | Place    | Note
-------+----------+-------------------------------------------
     0 | D:1      | Lauz the Minotaur Berserker began the quest for the Orb.
     0 | D:1      | Reached XP level 1. HP: 19/19 MP: 0/0
   164 | D:1      | Reached skill level 4 in Axes
   206 | D:1      | Reached XP level 2. HP: 27/27 MP: 1/1
   830 | D:1      | Reached ** piety under Trog
   840 | D:1      | Reached XP level 3. HP: 26/33 MP: 2/2
   999 | D:1      | You fall through a shaft!
  1070 | D:2      | Reached skill level 5 in Axes
  1081 | D:2      | Reached XP level 4. HP: 29/41 MP: 3/3
  2169 | D:3      | Reached *** piety under Trog
  2185 | D:3      | Reached skill level 6 in Axes
  2185 | D:3      | Reached XP level 5. HP: 47/47 MP: 4/4
  2315 | D:3      | Reached skill level 5 in Fighting
  2399 | D:3      | Found a faded altar of an unknown god.
  2482 | D:3      | Reached skill level 7 in Axes
  2482 | D:3      | Reached skill level 1 in Stealth
  2482 | D:3      | Reached XP level 6. HP: 39/56 MP: 5/5
  2506 | D:3      | HP: 2/56 [poisoned by a killer bee]
  2512 | D:3      | HP: 2/56 [poisoned by a killer bee]
  3293 | D:4      | Reached skill level 8 in Axes
  3294 | D:4      | Reached XP level 7. HP: 37/61 MP: 6/6
  3652 | D:4      | Reached skill level 9 in Axes
  3763 | D:4      | Reached **** piety under Trog
  3874 | D:4      | Found a runed gate.
  4042 | D:4      | Found a runed gate.
  4042 | D:4      | Found a runed gate.
  4042 | D:4      | Noticed Jaiteiro's ghost (amateur CeWr)
  4053 | D:4      | Cast into level 1 of the Abyss (kobold)
  4116 | Abyss:1  | Noticed an orange demon
  4130 | Abyss:1  | Killed an orange demon
  4130 | Abyss:1  | Reached skill level 10 in Axes
  4130 | Abyss:1  | Reached XP level 8. HP: 52/70 MP: 7/7
  4135 | D:4      | Escaped the Abyss
  4139 | D:4      | Gained mutation: You occasionally shout uncontrollably at
                  | your foes. [potion of mutation]
  4139 | D:4      | Gained mutation: You expend magic power (3 MP) to
                  | strengthen your wands. [potion of mutation]
  4139 | D:4      | Gained mutation: Your mind is acute. (Int +2) [potion of
                  | mutation]
  4139 | D:4      | Gained mutation: You have a pair of large horns on your
                  | head. [potion of mutation]
  4157 | D:4      | HP: 5/105 [Jaiteiro's ghost (4)]
  4161 | D:4      | HP: 2/70 [poisoned by a worker ant]
  4167 | D:4      | HP: 1/70 [poisoned by a worker ant]
  4168 | D:4      | Slain by Jaiteiro's ghost

Skill      XL: |  1  2  3  4  5  6  7 |
---------------+----------------------+-----
Axes           | 4 5 6 7 8 10 | 10.7
Fighting       | 4 5 6 |  6.3
Stealth        | 1 2 |  2.0
Armour         | |  2.4
Dodging        | |  2.1

Action                   |  1- 3 |  4- 6 |  7- 9 || total
-------------------------+-------+-------+-------++-------
Melee: Hand axe          |    69 |   106 |    76 ||   251
       Headbutt          |    12 |    22 |    12 ||    46
Invok: Berserk           |       |     3 |     1 ||     4
  Use: Potion            |       |       |     4 ||     4
 Stab: Sleeping          |       |     1 |       ||     1
  Eat: Chunk             |       |     8 |       ||     8
       Ration            |       |     1 |     1 ||     2
Armor: Animal skin       |    11 |    11 |       ||    22
       Leather armour    |       |     1 |    14 ||    15
       Skin              |       |       |    21 ||    21
Dodge: Dodged            |    44 |    60 |    33 ||   137
